 Dungeon Crawl Stone Soup version 0.28.0-53-g5a82cb258f (webtiles) character file.

Game seed: 4660227577892411738

2779 safid the Severer (level 9, 0/72 HPs)
             Began as a Hill Orc Fighter on June 17, 2022.
             Slain by a six-headed hydra (3 damage)
             ... on level 7 of the Dungeon.
             The game lasted 00:14:56 (8790 turns).

safid the Severer (Hill Orc Fighter)                Turns: 8790, Time: 00:14:56

Health: 0/72       AC: 12    Str: 27    XL:     9   Next: 70%
Magic:  9/9        EV:  6    Int:  8    God:
Gold:   253        SH:  5    Dex: 12    Spells: 8/8 levels left

rFire   . . .      SeeInvis .   a - +0 war axe
rCold   + . .      Faith    .   c - +0 buckler
rNeg    . . .      Spirit   .   f - +0 plate armour
rPois   .          Reflect  .   (no helmet)
rElec   +          Harm     .   (no cloak)
rCorr   .          Rampage  .   (no gloves)
Will    .....                   H - +0 pair of boots
Stlth   ..........              (no amulet)
HPRegen 0.22/turn               n - ring "Otwagaym" {rElec rC+}
MPRegen 0.11/turn               I - +6 ring of strength

@: about to teleport
A: agile 1, weak 1, MP-powered wands
a: no special abilities


You were on level 7 of the Dungeon.
You visited 1 branch of the dungeon, and saw 7 of its levels.
You also visited: Ossuary.

You collected 253 gold pieces.

Inventory:

Hand Weapons
 a - a +0 war axe (weapon)
Missiles
 e - 16 boomerangs (quivered)
 o - a throwing net
 r - 2 poisoned darts
Armour
 c - a +0 buckler (worn)
 f - a +0 plate armour (worn)
 H - a +0 pair of boots (worn)
Jewellery
 i - a ring of ice
 n - the ring "Otwagaym" (left hand) {rElec rC+}
   (You took it off a gnoll on level 2 of the Dungeon)

   [ring of protection from cold]

   rC:        It protects you from cold.
   rElec:     It insulates you from electricity.
 w - a ring of flight
 I - a +6 ring of strength (right hand)
Wands
 C - a wand of digging (9)
Scrolls
 k - a scroll of fog {unknown}
 l - 2 scrolls of magic mapping {unknown}
 p - a scroll of enchant armour {unknown}
 q - 5 scrolls of teleportation
 s - 2 scrolls of blinking {unknown}
 u - 2 scrolls of noise {unknown}
 y - a scroll of enchant weapon {unknown}
 z - a scroll of amnesia {unknown}
 A - a scroll of vulnerability {unknown}
 D - a scroll of summoning {unknown}
 E - a scroll of fear {unknown}
Potions
 b - a potion of ambrosia {unknown}
 d - 3 potions of might
 g - a potion of degeneration {unknown}
 h - 2 potions of resistance {unknown}
 j - 3 potions of mutation
 m - 4 potions of curing
 t - a potion of lignification {unknown}
 v - 2 potions of haste
 x - 3 potions of brilliance
 B - 2 potions of heal wounds
 F - a potion of cancellation {unknown}
 G - a potion of flight {unknown}
 J - a potion of attraction {unknown}


   Skills:
 + Level 4.7 Fighting
 - Level 16.0 Axes
 - Level 4.0 Armour
 - Level 4.0 Shields


You had 8 spell levels left.
You didn't know any spells.
Your spell library contained the following spells:

 Spells                   Type           Power      Damage    Failure   Level
 Blink                    Tloc           0%         N/A       100%        2
 Dazzling Flash           Conj/Hex       0%         N/A       100%        3
 Agony                    Necr           0%         N/A       100%        5
 Manifold Assault         Tloc           0%         N/A       100%        5
 Silence                  Hex/Air        0%         N/A       100%        5
 Storm Form               Tmut/Air       0%         N/A       100%        7
 Chain Lightning          Conj/Air       0%         N/A       100%        9
 Fire Storm               Conj/Fire      0%         5d1       100%        9
 Shatter                  Erth           0%         3d5*      100%        9


Dungeon Overview and Level Annotations

Branches:
Dungeon (7/15)             Temple (0/1) D:6         Ossuary (visited)

Altars:
Elyvilon
Gozag
Makhleb
Ru
Trog
Uskayaw
Vehumet
Zin

Shops:
D:5 (

Annotations:
D:4 3 runed translucent doors, 0gre's ghost, amateur GnIE; Brotato's ghost, weakling HODe


Innate Abilities, Weirdness & Mutations

You are agile. (Dex +2)
You are weak. (Str -2)
You expend magic power (3 MP) to strengthen your wands.


Message History

The five-headed hydra barely misses you.
You hit the centaur.
The centaur is heavily wounded.
You hit the five-headed hydra but do no damage.
The centaur hits you but does no damage.
The centaur kicks you but does no damage.
The centaur hits you but does no damage.
You block the centaur's attack.
You hit the centaur.
The centaur is severely wounded.
You hit the five-headed hydra but do no damage.
The five-headed hydra bites you but does no damage.
The five-headed hydra bites you. The five-headed hydra bites you!
The five-headed hydra bites you.
The five-headed hydra bites you but does no damage.
The centaur hits you but does no damage.
The centaur closely misses you.
You barely miss the centaur.
The centaur is severely wounded.
You lop one of the five-headed hydra's heads off!
The four-headed hydra grows two more!
You slash the six-headed hydra!
The six-headed hydra bites you but does no damage.
The six-headed hydra bites you!
* * * LOW HITPOINT WARNING * * *
The six-headed hydra bites you!
* * * LOW HITPOINT WARNING * * *
The six-headed hydra bites you but does no damage. x3
The centaur hits you but does no damage.
The centaur kicks you.
* * * LOW HITPOINT WARNING * * *
As you read the scroll of teleportation, it crumbles to dust.
You feel strangely unstable.
The centaur hits you but does no damage.
The centaur kicks you but does no damage.
The six-headed hydra bites you.
* * * LOW HITPOINT WARNING * * *
The six-headed hydra bites you.
* * * LOW HITPOINT WARNING * * *
The six-headed hydra barely misses you. The six-headed hydra bites you.
You die...

## #.#. ..#...... ## #
#.#.#.#.# .. >####.#.....
###. ...........
.....##......# ##....c......#
......D@.....# .# .#
##..###......# .##.#
######.## #### ....#.#
########..#..... ....#.#
#......#........
.##.#.##.....#####........##.
......#.......#..'........#
......#.......#..#...........
......+..._...+..#........##.


You could see a six-headed hydra and a centaur.

Vanquished Creatures
  A wyvern (D:7)
  3 necrophages
  An ice beast (D:7)
  2 ogres
  A centaur (D:5)
  A gnoll sergeant (D:6)
  10 scorpions
  A water moccasin skeleton (D:5)
  3 electric eels (D:6)
  3 bullfrog zombies (D:5)
  4 centaur zombies
  2 jellies (D:6)
  A hound (D:5)
  A centaur skeleton (D:5)
  3 iguanas
  Jessica (D:2)
  Natasha (thrice) (D:3)
  6 orc wizards
  4 scorpion zombies (Ossuary)
  A hound zombie (D:5)
  3 mummies (Ossuary)
  14 gnolls
  11 adders
  An ufetubus (D:5)
  4 dart slugs
  14 orcs
  5 bats
  6 endoplasms
  5 giant cockroaches
  10 goblins
  11 hobgoblins
  10 jackals
  2 quokkas
  2 ball pythons (D:3)
  5 frilled lizards
  2 gnoll zombies (Ossuary)
  6 hobgoblin zombies (Ossuary)
  9 kobolds
  4 kobold zombies (Ossuary)
  2 orc zombies (Ossuary)
  10 rats
188 creatures vanquished.

Vanquished Creatures (others)
  A gnoll (D:6)
  20 plants (D:6)
  5 withered plants (D:4)
26 creatures vanquished.

Grand Total: 214 creatures vanquished

Notes
Turn   | Place    | Note
-------+----------+-------------------------------------------
     0 | D:1      | safid the Hill Orc Fighter began the quest for the Orb.
     0 | D:1      | Reached XP level 1. HP: 19/19 MP: 1/1
    71 | D:1      | Reached skill level 3 in Axes
    71 | D:1      | Reached XP level 2. HP: 26/27 MP: 2/2
   288 | D:1      | Found a faded altar of an unknown god.
   513 | D:1      | Reached XP level 3. HP: 33/33 MP: 3/3
  1653 | D:2      | Noticed Jessica
  1662 | D:2      | Killed Jessica
  1663 | D:2      | Reached skill level 4 in Axes
  1663 | D:2      | Reached XP level 4. HP: 20/40 MP: 4/4
  2275 | D:2      | Identified the ring "Otwagaym" {rElec rC+}
  2286 | D:2      | Reached skill level 5 in Axes
  2289 | D:2      | Reached XP level 5. HP: 30/46 MP: 5/5
  2732 | D:3      | Found an opulent altar of Gozag.
  2936 | D:3      | Noticed Natasha
  2943 | D:3      | Killed Natasha
  2944 | D:3      | Reached skill level 6 in Axes
  3154 | D:3      | Noticed Natasha
  3166 | D:3      | Killed Natasha
  3292 | D:3      | Noticed Natasha
  3301 | D:3      | Killed Natasha
  3302 | D:3      | Reached XP level 6. HP: 31/52 MP: 6/6
  3447 | D:3      | Found a burning altar of Makhleb.
  3554 | D:4      | Reached skill level 7 in Axes
  3668 | D:4      | Found a glowing silver altar of Zin.
  3668 | D:4      | Noticed an angel
  4115 | D:4      | Reached skill level 8 in Axes
  4432 | D:4      | Found a runed translucent gate.
  4432 | D:4      | Found a runed translucent gate.
  4432 | D:4      | Found a runed translucent gate.
  4437 | D:4      | Noticed Brotato's ghost (weakling HODe)
  4437 | D:4      | Noticed 0gre's ghost (amateur GnIE)
  4770 | D:5      | Entered Level 5 of the Dungeon
  4791 | D:5      | Reached skill level 9 in Axes
  4791 | D:5      | Reached XP level 7. HP: 40/59 MP: 7/7
  4922 | D:5      | Gained mutation: You expend magic power (3 MP) to
                  | strengthen your wands. [potion of mutation]
  4922 | D:5      | Gained mutation: You are dopey. (Int -2) [potion of
                  | mutation]
  4922 | D:5      | Gained mutation: Your body sometimes deteriorates upon
                  | taking damage. [potion of mutation]
  4922 | D:5      | Gained mutation: You are partially covered in iridescent
                  | scales. (AC +2) [potion of mutation]
  4927 | D:5      | Reached skill level 10 in Axes
  4936 | D:5      | Lost mutation: Your body sometimes deteriorates upon taking
                  | damage. [potion of mutation]
  4936 | D:5      | Lost mutation: You are dopey. (Int -2) [potion of mutation]
  4936 | D:5      | Lost mutation: You are partially covered in iridescent
                  | scales. (AC +2) [potion of mutation]
  4936 | D:5      | Gained mutation: You are weak. (Str -2) [potion of
                  | mutation]
  4936 | D:5      | Gained mutation: You are agile. (Dex +2) [potion of
                  | mutation]
  4995 | D:5      | Reached skill level 11 in Axes
  4995 | D:5      | Reached XP level 8. HP: 34/66 MP: 8/8
  5074 | D:5      | Found a sand-covered staircase.
  5081 | Ossuary  | Entered an ossuary
  5587 | Ossuary  | Reached skill level 12 in Axes
  5820 | Ossuary  | Reached skill level 13 in Axes
  6279 | D:5      | Found Jiyghac's Antique Weapon Shoppe.
  6300 | D:5      | Reached XP level 9. HP: 71/71 MP: 9/9
  6355 | D:5      | Reached skill level 14 in Axes
  6456 | D:5      | Found a white marble altar of Elyvilon.
  6456 | D:5      | Found a sacrificial altar of Ru.
  7684 | D:6      | Found a hide-covered altar of Uskayaw.
  7720 | D:6      | Reached skill level 15 in Axes
  7984 | D:6      | Found a bloodstained altar of Trog.
  8372 | D:6      | Found a staircase to the Ecumenical Temple.
  8701 | D:7      | Found a radiant altar of Vehumet.
  8707 | D:7      | Reached skill level 16 in Axes
  8781 | D:7      | Noticed a four-headed hydra
  8790 | D:7      | HP: 3/72 [six-headed hydra (2)]
  8790 | D:7      | Slain by a six-headed hydra

Illustrated notes

Levels and vault maps discovered:
D:1:      dpeg_arrival_tiny_g, layout_basic, hellmonk_ecumenical_altar_run_dry,
          minmay_tripent
D:2:      layout_loops_corners, glass_columns_b, uniq_jessica
D:3:      layout_rooms, mainiacjoe_overflow_six_doors_small,
          lightli_temple_of_fire, uniq_natasha
D:4:      layout_loops_ring, zin_angel, gammafunk_ghost_cemetery
D:5:      corexii_shantytown, layout_layer_cave,
          gammafunk_temple_overflow_elements, chequers_ossuary_entry_cave,
          serial_shops, nicolae_take_the_stairs, minmay_misc_feat_pillars
D:6:      layout_layer_cave, trog_three_pillars_becter,
          mainiacjoe_overflow_catwalk, minmay_temple_entry_gardened_gates,
          columned_hall_lemuel, grunt_decor_cap, serial_bayou_ford_a
D:7:      layout_basic, mainiacjoe_overflow_cross_hatched,
          nicolae_vehumet_altar_sigil, ebering_ghost_rock_garden, serial_glass,
          glass_columns_a, glass_columns_b

Skill      XL: |  1  2  3  4  5  6  7  8  9 |
---------------+----------------------------+-----
Axes           | 3 4 5 6 9 11 13 16 | 16.0
Fighting       | 4 |  4.7
Armour         | 4 |  4.0
Shields        | 4 |  4.0

Action                   |  1- 3 |  4- 6 |  7- 9 || total
-------------------------+-------+-------+-------++-------
Melee: War axe           |    99 |   178 |   376 ||   653
  Use: Potion            |       |       |     4 ||     4
       Scroll            |       |       |     4 ||     4
Armor: Scale mail        |    36 |    75 |   101 ||   212
       Plate armour      |       |       |    53 ||    53
Dodge: Dodged            |    49 |    86 |   122 ||   257
Block: Buckler           |    28 |    36 |    73 ||   137
